 Dungeon Crawl Stone Soup version 0.20-a0-1109-ge3cd172 (webtiles) character file.

186 JeffiDaFish the Covered (level 5, -7/33 HPs)
             Began as a Gargoyle Fighter on May 6, 2017.
             Killed by divine providence
             ... invoked by an orc priest
              (12 damage)
             ... on level 4 of the Dungeon.
             The game lasted 00:05:13 (3277 turns).

JeffiDaFish the Covered (Gargoyle Fighter)          Turns: 3277, Time: 00:05:14

Health: -7/33      AC: 19    Str: 16 (19) XL:     5   Next: 65%
Magic:  5/5        EV:  4    Int:  7 (9)  God:
Gold:   173        SH:  9    Dex:  8 (10) Spells: 4/4 levels left

rFire    + . .     SeeInvis .   k - +1 mace (protect)
rCold    . . .     Gourm    .   c - +0 shield
rNeg     + . .     Faith    .   d - -2 chain mail (curse)
rPois    ∞         Spirit   .   i - +0 helmet
rElec    +         Reflect  .   (no cloak)
rCorr    .         Harm     .   (no gloves)
MR       .....                  (no boots)
Stlth    ..........             (no amulet)
Regen    0.2/turn               l - ring of protection from fire
MPRegen  0.1/turn               (no ring)

@: protection aura
A: negative energy resistance 1, electricity resistance, unbreathing,
petrification resistance, rot immunity, AC +4
a: no special abilities


You were on level 4 of the Dungeon.
You were not hungry.

You visited 1 branch of the dungeon, and saw 4 of its levels.

You collected 173 gold pieces.

Inventory:

Hand Weapons
 k - a +1 mace of protection (weapon)
Armour
 b - a +0 scale mail
 c - a +0 shield (worn)
 d - a cursed -2 chain mail (worn)
 i - a +0 helmet (worn)
 j - a +2 chain mail of fire resistance
Jewellery
 l - a ring of protection from fire (left hand)
Scrolls
 e - 2 scrolls of identify
 g - a scroll of amnesia
Comestibles
 f - 4 bread rations
 h - 2 meat rations


   Skills:
 + Level 3.9 Fighting
 + Level 3.7 Maces & Flails
 + Level 4.2 Armour
 + Level 0.7 Dodging
 + Level 0.2 Stealth
 + Level 4.2 Shields


You had 4 spell levels left.
You didn't know any spells.

Dungeon Overview and Level Annotations

Branches:
Dungeon (4/15)
 Temple: D:4-7

Altars:
Ashenzari
Qazlal


Innate Abilities, Weirdness & Mutations

You are resistant to torment.
Your stone body is resilient. (AC +4)
You are immune to poison.
You resist negative energy. (rN+)
You are resistant to electric shocks. (rElec)
You can survive without breathing.
You are immune to petrification.
You are immune to rotting.


Message History

You barely resist.
The orc wizard mumbles some strange words.
The orc wizard seems to speed up.
The orc priest hits you but does no damage.
The orc priest looks encouraged for a moment.
You block the orc's attack.
You aren't carrying any potions.
You barely miss the orc priest. You hit the orc.
The orc is moderately wounded.
The orc priest hits you but does no damage.
You hit the orc priest but do no damage.
The orc priest looks braver for a moment.
The orc priest miscasts a cantrip.
The orc hits you but does no damage. The orc wizard casts a spell at you.
The magic dart hits you!
The orc priest invokes the aid of Beogh against you.
Beogh smites you!
You die...

##### ###. ##
######...####.....
##...#...##..........# ..
#.................######.#
...............########>.###
..........oo....###.....#...
.........o.@............#...
..........#o###...#.........
.#...#....#.# #...#.........
#####.####.# ###...........
#.) #..# #.#......... ..#
#.## ##........#.. #.#
#...#....##..
##(#####.#..........
###........#.#.......#


You could see 2 orc priests, an orc wizard and an orc.

Vanquished Creatures
  An orc priest (D:3)
  An orc wizard (D:3)
  3 adders (D:3)
  A gnoll (D:1)
  4 worms
  2 dart slugs (D:2)
  3 leopard geckos
  7 orcs
  10 bats
  3 giant cockroaches
  4 goblins
  5 hobgoblins
  9 jackals
  4 kobolds
  A quokka (D:3)
  6 frilled lizards
  A rat (D:1)
65 creatures vanquished.

Notes
Turn   | Place    | Note
-------+----------+-------------------------------------------
     0 | D:1      | JeffiDaFish the Gargoyle Fighter began the quest for the Orb.
     0 | D:1      | Reached XP level 1. HP: 14/14 MP: 1/1
   410 | D:1      | Reached XP level 2. HP: 19/19 MP: 2/2
   817 | D:1      | Reached XP level 3. HP: 7/24 MP: 3/3
  1265 | D:2      | Found a faded altar of an unknown god.
  2197 | D:2      | Reached XP level 4. HP: 27/29 MP: 4/4
  2548 | D:3      | Found a stormy altar of Qazlal.
  2569 | D:3      | Reached XP level 5. HP: 31/33 MP: 5/5
  2929 | D:4      | Found a shattered altar of Ashenzari.
  3277 | D:4      | Killed from afar by an orc priest

Vault maps used:
D:1:      evilmike_arrival_run_for_it, minivault_25
D:2:      chequers_ecumenical_altar_island, kennysheep_generic_room_8
D:3:      overflow_temple_1_default, first_bread
D:4:      kennysheep_mini_moat, cheibrodos_ashenzari_chains

Skill      XL: |  1  2  3  4 |
---------------+-------------+-----
Maces & Flails | 3 |  3.7
Shields        | 4 |  4.2
Armour         | 4 |  4.2
Fighting       | |  3.9
Dodging        | |  0.7
Stealth        | |  0.2

Action                   |  1- 3 |  4- 6 || total
-------------------------+-------+-------++-------
Melee: Flail             |   123 |    28 ||   151
       Mace              |       |   111 ||   111
  Use: Scroll            |     5 |     3 ||     8
       Potion            |     3 |     1 ||     4
  Eat: Chunk             |     3 |     5 ||     8
Armor: Scale mail        |    73 |       ||    73
       Chain mail        |    10 |   141 ||   151
Dodge: Dodged            |    41 |    42 ||    83
Block: Shield            |    71 |    91 ||   162
